 Dungeon Crawl Stone Soup version 0.31-a0-523-g071a6c1ffa (webtiles) character file.

Game seed: 11422951383083807344

9 HallandMoats the Trooper (level 2, 22/24 HPs)
             Began as a Demonspawn Monk on Aug 11, 2023.
             Got out of the dungeon alive.
             The game lasted 00:01:05 (104 turns).

HallandMoats the Trooper (Demonspawn Monk)           Turns: 104, Time: 00:01:06

Health: 22/24      AC:  2    Str: 11    XL:     2   Next: 6%
Magic:  3/3        EV: 12    Int: 11    God:
Gold:   6          SH:  0    Dex: 15    Spells: 1/1 levels left

rFire   . . .        a - +0 hand axe
rCold   . . .        d - orb {light}
rNeg    . . .        b - +0 robe
rPois   .            (no helmet)
rElec   .            (no cloak)
rCorr   .            (no gloves)
SInv    .            (no boots)
Will    .....        (no amulet)
Stlth   +            (no ring)
HPRegen 0.24/turn    (no ring)
MPRegen 0.08/turn

%: no passive effects
@: glowing
A: powered by pain 1
a: no special abilities


You escaped.
You visited 1 branch of the dungeon, and saw 1 of its levels.

You collected 6 gold pieces.

Inventory:

Hand Weapons
 a - a +0 hand axe (weapon)
Armour
 b - a +0 robe (worn)
 d - an orb of light (worn)
Scrolls
 e - a scroll of identify {unknown}
Potions
 c - a potion of ambrosia
 f - a potion of brilliance {unknown}


   Skills:
 + Level 3.3 Fighting
 - Level 2.6 Axes
 - Level 2.6 Dodging
 + Level 1.5 Invocations


You had one spell level left.
You didn't know any spells.
Your spell library was empty.

Dungeon Overview and Level Annotations

Branches:
Dungeon (1/15)

Altars:


Innate Abilities, Weirdness & Mutations

You sometimes gain a little power by taking damage.


Message History

The slug dart misses you.
You hit the dart slug.
You kill the dart slug!
Found a stone staircase leading down.
Magic restored.
e - a scroll labelled DAGUDGH QUTH Welcome back, HallandMoats the Demonspawn Monk.
Press ? for a list of commands and other information.
f - a glowing orange potion You see here a staff of death.
You now have 6 gold pieces.
A dart slug comes into view.
A dart slug is nearby!
A dart slug is nearby!
The dart slug launches a dart at you. The slug dart hits you.
The dart slug barely misses you.
You hit the dart slug but do no damage. The dart slug launches a dart at you.
The slug dart hits you.
You hit the dart slug.
The dart slug is heavily wounded.
You completely miss the dart slug.
The dart slug is heavily wounded.
The dart slug launches a dart at you. The slug dart misses you.
You hit the dart slug.
The dart slug is severely wounded.
The dart slug misses you.
You hit the dart slug.
The dart slug is almost dead.
The dart slug launches a dart at you. The slug dart misses you.
You hit the dart slug.
You kill the dart slug!
You have reached level 2!
Your demonic ancestry asserts itself...
You feel energised by your suffering.
There is a staircase leading out of the dungeon here.
You have escaped!

.. . ... .## ... ... ..# #..
#.# #.# #.. #.###.# ....
#...# ... #.@.# ###.. ##...#
# #.... ##.###.# .#
#.#.#.###.#####.###.#
#........###.###....
###+####.....##...##...#####
.......##.|#.#.....#.#.......
#.........#†........#.......
#...........................


There were no monsters in sight!

Vanquished Creatures
  3 dart slugs (D:1)
  A ball python (D:1)
4 creatures vanquished.

Notes
Turn   | Place    | Note
-------+----------+-------------------------------------------
     0 | D:1      | HallandMoats the Demonspawn Monk began the quest for the
                  | Orb.
     0 | D:1      | Reached XP level 1. HP: 18/18 MP: 1/1
    18 | D:1      | Reached skill level 1 in Invocations
    91 | D:1      | Gained mutation: You sometimes gain a little power by
                  | taking damage. [demonic ancestry]
    91 | D:1      | Reached XP level 2. HP: 19/24 MP: 3/3
   104 | D:$      | Got out of the dungeon alive.

Illustrated notes

Levels and vault maps discovered:
D:1:      roderic_crossed_star, layout_basic, nicolae_wormholes

Skill      XL: |  1 |
---------------+----+-----
Invocations    | 1 |  1.5
Fighting       | |  3.3
Axes           | |  2.6
Dodging        | |  2.6

Action                     || total
---------------------------++-------
  Melee: Hand axe          ||    17
  Dodge: Dodged            ||    11

Table legend: (Time is in decaauts)
 A = Elapsed time spent in this place.
 B = Non-inter-level travel time spent in this place.
 C = Inter-level travel time spent in this place.
 D = Time resting spent in this place.
 E = Time spent auto-exploring this place.
 F = Levels seen in this place.
 G = Mean time per level.
                   A        B        C        D        E       F      G
               +--------+--------+--------+--------+--------+-----+--------+
         Total |    107 |     96 |     11 |      0 |     53 |   1 |  107.0 |
       Dungeon |    107 |     96 |     11 |      0 |     53 |   1 |  107.0 |
               +--------+--------+--------+--------+--------+-----+--------+

Top non-repeatable levels by time:
     D:1: 107 daAuts
